 Dungeon Crawl Stone Soup version 0.27.1-1-g398f81649c (webtiles) character file.

Game seed: 16643089859310834961

329 ZARRMARR the Insei (level 6, -1/41 HPs)
             Began as an Octopode Transmuter on Sept 7, 2021.
             Slain by Menkaure (23 damage)
             ... in an ossuary.
             The game lasted 00:15:29 (6714 turns).

ZARRMARR the Insei (Octopode Transmuter)            Turns: 6714, Time: 00:15:29

Health: -1/41      AC:  1    Str:  9    XL:     6   Next: 51%
Magic:  10/10      EV: 13    Int: 18    God:
Gold:   159        SH:  3    Dex: 12    Spells: 10/11 levels left

rFire    . . .     SeeInvis .     - Unarmed
rCold    . . .     Faith    .   f - +0 buckler
rNeg     . . .     Spirit   .   (helmet currently unavailable)
rPois    .         Reflect  .   (no amulet)
rElec    .         Harm     .   (no ring)
rCorr    .         Rampage  .   (no ring)
Will     .....                  (no ring)
Stlth    +++.......             (no ring)
HPRegen  0.13/turn              (no ring)
MPRegen  0.12/turn              (no ring)
                                (no ring)
                                (no ring)

@: appendages (expiring)
A: tentacle spike 3, almost no armour, amphibious, 8 rings, camouflage 1,
gelatinous body 1, (nimble swimmer 1), tentacles
a: End Transformation


You were in an ossuary.
One of your tentacles had grown a beastly spike.
You visited 1 branch of the dungeon, and saw 4 of its levels.
You also visited: Ossuary.

You collected 159 gold pieces.

Inventory:

Armour
 f - a +0 buckler (worn)
Jewellery
 e - a ring of ice
Scrolls
 c - a scroll of teleportation
Potions
 a - a potion of heal wounds {unknown}
 b - a potion of flight {unknown}
 h - a potion of berserk rage {unknown}
 j - a potion of brilliance {unknown}


   Skills:
 + Level 2.4 Fighting
 + Level 3.1 Dodging
 + Level 3.1 Stealth
 + Level 1.2 Shields
 + Level 3.8 Unarmed Combat
 + Level 3.0 Spellcasting
 + Level 3.2 Transmutations


You had 10 spell levels left.
You knew the following spells:

 Your Spells              Type           Power      Damage    Failure   Level
a - Beastly Appendage     Tmut           28%        N/A       6%          1

Your spell library contained the following spells:

 Spells                   Type           Power      Damage    Failure   Level
 Wereblood                Tmut           14%        N/A       10%         2
 Spider Form              Tmut/Pois      4%         N/A       34%         3
 Call Canine Familiar     Summ           2%         N/A       56%         3
 Dazzling Flash           Conj/Hex       4%         N/A       56%         3
 Portal Projectile        Hex/Tloc       4%         N/A       56%         3
 Ice Form                 Ice/Tmut       8%         N/A       75%         4
 Leda's Liquefaction      Hex/Erth       1%         N/A       92%         4
 Agony                    Necr           2%         N/A       99%         5
 Silence                  Hex/Air        1%         N/A       99%         5


Dungeon Overview and Level Annotations

Branches:
Dungeon (4/15)            Ossuary (1/1)
 Temple: D:4-7

Altars:
Zin

Shops:
D:2 [

Annotations:
Ossuary Menkaure


Innate Abilities, Weirdness & Mutations

One of your tentacles has grown a beastly spike.
You cannot wear most types of armour.
You are amphibious.
You can wear up to eight rings at the same time.
Your skin changes colour to match your surroundings (Stealth+).
Your rubbery body absorbs attacks. (AC +1, EV +1)
((You are camouflaged near water. (Stealth+)))
You have tentacles for arms and can constrict up to eight enemies at once.


Message History

Done waiting.
An orc skeleton comes into view.
Casting: Beastly Appendage (safe; 6% risk of failure)
Confirm with . or Enter, or press ? or * to list all spells.
One of your tentacles grows a vicious spike.
You tentacle-slap the orc skeleton. You grab the orc skeleton.
You pierce the orc skeleton.
The orc skeleton is heavily damaged.
You constrict the orc skeleton. You tentacle-slap the orc skeleton.
You destroy the orc skeleton!
Magic restored.
A rat zombie comes into view.
The rat zombie moves out of view.
Menkaure, Prince of Dust comes into view.
Found four items.
Menkaure moves out of view.
You tentacle-slap the rat zombie. Your grab misses the rat zombie.
The rat zombie is lightly damaged.
Menkaure shouts!
You tentacle-slap the rat zombie. You grab the rat zombie.
You pierce the rat zombie.
You destroy the rat zombie!
You tentacle-slap Menkaure. Your grab misses Menkaure.
Menkaure is lightly damaged.
Unknown command.
You barely miss Menkaure. You grab Menkaure.
You pierce Menkaure.
Menkaure is moderately damaged.
Your transformation is almost over.
You constrict Menkaure. Menkaure hits you!!
You tentacle-slap Menkaure.
You pierce Menkaure, but do no damage.
Your squeeze misses Menkaure.
Menkaure is heavily damaged.
You constrict Menkaure.
Menkaure casts a spell.
Menkaure seems to speed up.
You tentacle-slap Menkaure.
You pierce Menkaure.
Menkaure is severely damaged.
You constrict Menkaure. Menkaure hits you!!
Ouch! That really hurt!
You die...

.##..##..####..##..##..##
##..##..##.!##..##..##^.##
#..##..## !?##..##..##..##
..##..## .!##..##..##..## .##..##
..##..##..##..## ##..##
..##..##..##..## #..##
..##..##..##..##
..##############M'##^.##..##..##
................@..##..##..##..##
######################..##..##..#
.........................##^.##..
############################..##.
...............................##
#################################


You could see Menkaure (fast).

Vanquished Creatures
  An ogre (D:3)
  Natasha (thrice) (D:2)
  A hound skeleton (D:4)
  3 mummies (Ossuary)
  3 adders (D:2)
  A worm (D:3)
  2 dart slugs
  8 ball pythons
  5 bats
  3 endoplasms
  A giant cockroach (D:2)
  5 gnoll zombies (Ossuary)
  9 goblins
  3 hobgoblins
  7 jackals
  A quokka (D:1)
  2 frilled lizards
  5 gnoll skeletons (Ossuary)
  5 goblin skeletons (Ossuary)
  3 goblin zombies (Ossuary)
  2 hobgoblin skeletons (Ossuary)
  2 hobgoblin zombies (Ossuary)
  3 kobolds
  A kobold skeleton (Ossuary)
  6 kobold zombies (Ossuary)
  9 orc skeletons (Ossuary)
  4 orc zombies (Ossuary)
  6 rats
  2 rat skeletons (Ossuary)
  3 rat zombies (Ossuary)
109 creatures vanquished.

Notes
Turn   | Place    | Note
-------+----------+-------------------------------------------
     0 | D:1      | ZARRMARR the Octopode Transmuter began the quest for the
                  | Orb.
     0 | D:1      | Reached XP level 1. HP: 13/13 MP: 3/3
   341 | D:1      | Found a faded altar of an unknown god.
   429 | D:1      | Reached XP level 2. HP: 16/18 MP: 3/5
   834 | D:1      | Reached skill level 1 in Stealth
  1074 | D:1      | Reached XP level 3. HP: 22/23 MP: 4/6
  1850 | D:2      | Noticed Natasha
  1857 | D:2      | Killed Natasha
  1858 | D:2      | Reached XP level 4. HP: 18/29 MP: 5/7
  2098 | D:2      | Found Kon Hi Ygakk's Armour Shop.
  3030 | D:3      | Noticed an ogre
  3539 | D:2      | Noticed Natasha
  3548 | D:2      | Killed Natasha
  3549 | D:2      | Reached XP level 5. HP: 7/34 MP: 6/9
  4020 | D:2      | Found Kon Hi Ygakk's Armour Shop.
  4273 | D:2      | Noticed Natasha
  4280 | D:2      | Killed Natasha
  4768 | D:2      | Found Kon Hi Ygakk's Armour Shop.
  5201 | D:3      | Killed an ogre
  5202 | D:3      | Reached skill level 1 in Shields
  5202 | D:3      | Reached XP level 6. HP: 39/39 MP: 10/10
  5205 | D:3      | Found a glowing silver altar of Zin.
  5539 | D:4      | Found a sand-covered staircase.
  5543 | Ossuary  | Entered an ossuary
  6708 | Ossuary  | Noticed Menkaure
  6714 | Ossuary  | Slain by Menkaure

Illustrated notes

Levels and vault maps discovered:
D:1:      minmay_arrival_shattered_statue, layout_loops_corners,
          chequers_ecumenical_altar_twisty
D:2:      layout_loops_ring, serial_shops, nicolae_shop_waterfront,
          minmay_misc_feat_ornament, glass_columns_a, uniq_natasha
D:3:      layout_basic, zin_statuary, minmay_ogre_servants
D:4:      layout_rooms, enter_ossuary_5
Ossuary:  ossuary_due_pyramid

Skill      XL: |  1  2  3  4  5  6 |
---------------+-------------------+-----
Stealth        | 1 2 3 |  3.1
Fighting       | 2 |  2.4
Dodging        | 3 |  3.1
Shields        | 1 |  1.2
Transmutations | 3 |  3.2
Spellcasting   | 3 |  3.0
Unarmed Combat | |  3.8

Action                   |  1- 3 |  4- 6 || total
-------------------------+-------+-------++-------
Melee: Unarmed           |    68 |   186 ||   254
       Constrict         |    21 |    67 ||    88
       Kick              |    16 |    42 ||    58
       Tentacles         |     7 |    34 ||    41
       Punch             |     2 |     2 ||     4
 Cast: Beastly Appendage |    21 |    50 ||    71
Evoke: Wand              |       |     9 ||     9
  Use: Scroll            |     2 |     3 ||     5
 Stab: Sleeping          |    10 |     7 ||    17
       Distracted        |       |     1 ||     1
Armor: Skin              |     3 |    12 ||    15
Dodge: Dodged            |    38 |    64 ||   102
Block: Buckler           |       |    14 ||    14
